 Dungeon Crawl Stone Soup version 0.31.0 (webtiles) character file.

Game seed: 15829416070524009535

326 qw the Shooter (level 6, -1/30 HPs)
             Began as a Gargoyle Hunter on Jan 19, 2024.
             Slain by a gnoll bouda
             ... wielding a +0 whip
              (6 damage)
             ... on level 4 of the Dungeon.
             The game lasted 00:00:10 (1833 turns).

qw the Shooter (Gargoyle Hunter)                    Turns: 1833, Time: 00:00:11

Health: -1/30      AC: 10    Str: 13    XL:     6   Next: 49%
Magic:  6/6        EV: 13    Int: 12    God:
Gold:   154        SH:  0    Dex: 19    Spells: 5/5 levels left

rFire   + + .        a - +0 shortbow
rCold   . . .        (shield currently unavailable)
rNeg    + . .        g - +1 leather armour of Death's Door {Rampage rF++ Int+3}
rPois   inf          (no helmet)
rElec   +            (no cloak)
rCorr   .            (no gloves)
SInv    .            d - +1 pair of boots
Will    .....        (no amulet)
Stlth   ++           (no ring)
HPRegen 0.25/turn    (no ring)
MPRegen 0.10/turn

%: rampage
@: no status effects
A: sickness immunity, AC +4, negative energy resistance 1, electricity
resistance, torment resistance 1, petrification resistance, agile 1, frail 2,
sturdy frame 1
a: no special abilities


You were on level 4 of the Dungeon.
You visited 1 branch of the dungeon, and saw 4 of its levels.

You collected 154 gold pieces.


Innate Abilities, Weirdness & Mutations

You are immune to sickness and miasma.
Your stone body is resilient. (AC +4)
You are immune to poison.
You resist negative energy. (rN+)
You are resistant to electric shocks. (rElec)
You are resistant to unholy torment.
You are immune to petrification.
You are agile. (Dex +4, Str/Int -1)
You are very frail. (-20% HP)
Your movements are slightly less encumbered by armour. (ER -2)


   Skills:
 - Level 4.0 Fighting
 + Level 6.4 Ranged Weapons
 - Level 1.1 Armour
 - Level 2.3 Dodging
 - Level 1.1 Stealth


You had 5 spell levels left.
You didn't know any spells.
Your spell library was empty.

Inventory:

Hand Weapons
 a - a +0 shortbow (weapon)
Armour
 d - a +1 pair of boots (worn)
 g - the +1 leather armour of Death's Door (worn) {Rampage rF++ Int+3}
   (You found it on level 3 of the Dungeon)

   Int+3:     It affects your intelligence (+3).
   rF++:      It greatly protects you from fire.
   Rampage:   It bestows one free step when moving towards enemies.
Potions
 b - a potion of lignification {unknown}
 c - a potion of curing
 f - a potion of brilliance {unknown}
 h - a potion of berserk rage {unknown}

Dungeon Overview and Level Annotations

Branches:
Dungeon (4/15)
 Temple: D:4-7

Altars:
Ashenzari
Fedhas
The Shining One

Shops:
D:1 :


Message History

You shoot an arrow. The arrow barely misses the gnoll.
You shoot an arrow. The arrow hits the gnoll.
The gnoll is severely wounded.
The gnoll hits you with a +0 flail. The gnoll hits you but does no damage.
You shoot an arrow. The arrow closely misses the gnoll.
The gnoll hits you with a +0 flail. The gnoll closely misses you.
The gnoll bouda barks out a call to the hunt!
The gnolls pick up the pace!
You shoot an arrow. The arrow barely misses the gnoll.
Your attacks no longer feel as feeble.
The gnoll hits you with a +0 flail. The gnoll closely misses you.
You shoot an arrow. The arrow hits the gnoll.
The gnoll is severely wounded.
The gnoll misses you.
You shoot an arrow.
The arrow hits the gnoll but does no damage.
The gnoll is severely wounded.
The gnoll barely misses you.
You shoot an arrow. The arrow closely misses the gnoll.
The gnoll hits you with a +0 flail. The gnoll bouda closely misses you.
You shoot an arrow. The arrow hits the gnoll.
The gnoll is almost dead.
The gnoll barely misses you. The gnoll bouda barely misses you.
You shoot an arrow.
The arrow hits the gnoll but does no damage.
The gnoll is almost dead.
The gnoll closely misses you.
The gnoll bouda calls upon its god to heal the gnoll.
The gnoll is healed somewhat.
The gnoll hits you with a +0 flail.
You shoot an arrow. The arrow hits the gnoll.
The gnoll is heavily wounded.
The gnoll bouda barely misses you. The gnoll barely misses you.
The gnoll bouda hits you but does no damage.
You shoot an arrow. The arrow closely misses the gnoll.
The gnoll barely misses you. The gnoll bouda closely misses you.
You shoot an arrow. The arrow hits the gnoll.
The gnoll is severely wounded.
The gnoll hits you with a +0 flail!
The gnoll bouda hits you with a +0 whip.
You die...

g..##.# #....#
.....# ####..# ..#.#
#.....# #...#
#..##.# #...#
####..##.# #.)g#
#<##..##.## #¤~g#
#.##......#
#~g###.##..##..#
#~g@.......##..#
#~#.##.##%.##..#####
#~¤.##.##..........#
+.¤.##.............#
#~#.#####.###.####.#
#¤¤.#####.###.# #.#
#¤####.......<# #.#
#~ ########## #.#
#.#


You could see a gnoll bouda and 3 gnolls.

Vanquished Creatures
  A kobold brigand (D:3)
  A scorpion (D:4)
  A bombardier beetle (D:3)
  5 gnolls
  4 adders (D:2)
  4 dart slugs
  A ribbon worm (D:3)
  An orc (D:3)
  4 endoplasms (D:1)
  A giant cockroach (D:3)
  10 goblins
  6 hobgoblins
  5 jackals (D:1)
  2 quokkas
  3 ball pythons
  3 bats
  5 frilled lizards
  11 kobolds
  9 rats
77 creatures vanquished.

Notes
Turn   | Place    | Note
-------+----------+-------------------------------------------
     0 | D:1      | qw the Gargoyle Hunter began the quest for the Orb.
     0 | D:1      | Reached XP level 1. HP: 12/12 MP: 1/1
     0 | D:1      | 0 ||| qw: Version: 0.3-a-132-g3d54051
     0 | D:1      | 0 ||| qw: Game counter: 214
     0 | D:1      | 0 ||| qw: Melee chars always use a shield: true
     0 | D:1      | 0 ||| qw: God list: Okawaru
     0 | D:1      | 0 ||| qw: Allow faded altars: false
     0 | D:1      | 0 ||| qw: Do Orc after clearing Dungeon:15 true
     0 | D:1      | 0 ||| qw: Do second Lair branch before Depths: true
     0 | D:1      | 0 ||| qw: Lair rune preference: random
     0 | D:1      | 0 ||| qw: Goals: Normal
     0 | D:1      | 0 ||| PLANNING D:1-11
    38 | D:1      | Reached XP level 2. HP: 17/17 MP: 2/2
   188 | D:1      | Found Postruho's Book Boutique.
   225 | D:1      | Reached XP level 3. HP: 21/21 MP: 3/3
   243 | D:1      | Reached skill level 5 in Ranged Weapons
   377 | D:1      | 377 ||| UPGRADING to +0 pair of boots.
   382 | D:1      | 382 ||| READING scroll labelled EFOITHRAHEHU.
   382 | D:1      | 382 ||| IDENTIFYING scroll labelled VUGUASSISHRY
   383 | D:1      | 383 ||| DROPPING scroll of butterflies.
   494 | D:2      | 494 ||| UPGRADING to +0 ring mail.
   505 | D:2      | 505 ||| DROPPING +0 leather armour.
   542 | D:2      | Reached skill level 1 in Armour
   554 | D:2      | Reached XP level 4. HP: 27/27 MP: 4/4
   575 | D:2      | Reached skill level 3 in Fighting
   788 | D:2      | 788 ||| RETREEEEATING.
   800 | D:2      | HP: 5/28 [gnoll/+0 flail (8)]
   801 | D:2      | 801 ||| READING 2 scrolls of teleportation.
   804 | D:2      | 804 ||| FLEEEEING.
   807 | D:2      | 807 ||| READING scroll of teleportation.
   815 | D:2      | Reached XP level 5. HP: 10/32 MP: 5/5
   903 | D:2      | Found a faded altar of an unknown god.
   972 | D:2      | 972 ||| READING scroll labelled YREEVEDOUG.
   973 | D:2      | 973 ||| DRINKING 2 puce potions.
  1026 | D:3      | Noticed a kobold brigand
  1111 | D:3      | Killed a kobold brigand
  1112 | D:3      | Reached skill level 6 in Ranged Weapons
  1129 | D:3      | 1129 ||| FLEEEEING.
  1134 | D:3      | 1134 ||| FLEEEEING.
  1135 | D:3      | 1135 ||| FLEEEEING.
  1139 | D:3      | 1139 ||| FLEEEEING.
  1140 | D:3      | 1140 ||| FLEEEEING.
  1141 | D:3      | 1141 ||| FLEEEEING.
  1142 | D:3      | 1142 ||| FLEEEEING.
  1143 | D:3      | 1143 ||| FLEEEEING.
  1144 | D:3      | 1144 ||| FLEEEEING.
  1146 | D:3      | 1146 ||| FLEEEEING.
  1147 | D:3      | 1147 ||| FLEEEEING.
  1148 | D:3      | 1148 ||| FLEEEEING.
  1149 | D:3      | 1149 ||| FLEEEEING.
  1150 | D:3      | 1150 ||| FLEEEEING.
  1151 | D:3      | 1151 ||| STAIRDANCE
  1203 | D:3      | 1203 ||| STAIRDANCE
  1254 | D:3      | Reached XP level 6. HP: 38/38 MP: 6/6
  1390 | D:3      | Identified the +1 leather armour of Death's Door {Rampage
                  | rF++ Int+3}
  1470 | D:3      | Found a glowing golden altar of the Shining One.
  1470 | D:3      | Found a blossoming altar of Fedhas.
  1636 | D:3      | 1636 ||| UPGRADING to +1 leather armour of Death's Door
                  | {Rampage rF++ Int+3}.
  1646 | D:3      | 1646 ||| DROPPING +0 ring mail.
  1647 | D:3      | 1647 ||| READING scroll labelled COF LAGOTO.
  1647 | D:3      | 1647 ||| ENCHANTING +0 pair of boots.
  1648 | D:3      | 1648 ||| DRINKING 2 glowing black potions.
  1648 | D:3      | Gained mutation: You are covered in fur. (AC +1) [potion of
                  | mutation]
  1648 | D:3      | Gained mutation: You have a pair of small horns on your
                  | head. [potion of mutation]
  1648 | D:3      | Gained mutation: You occasionally lose the ability to drink
                  | potions when taking damage. [potion of mutation]
  1649 | D:3      | 1649 ||| DRINKING potion of mutation.
  1649 | D:3      | Lost mutation: You are covered in fur. (AC +1) [potion of
                  | mutation]
  1649 | D:3      | Lost mutation: You occasionally lose the ability to drink
                  | potions when taking damage. [potion of mutation]
  1649 | D:3      | Lost mutation: You have a pair of small horns on your head.
                  | [potion of mutation]
  1649 | D:3      | Gained mutation: Your movements are slightly less
                  | encumbered by armour. (ER -2) [potion of mutation]
  1649 | D:3      | Gained mutation: You are frail. (-10% HP) [potion of
                  | mutation]
  1649 | D:3      | Gained mutation: You are very frail. (-20% HP) [potion of
                  | mutation]
  1649 | D:3      | Gained mutation: You are agile. (Dex +4, Str/Int -1)
                  | [potion of mutation]
  1698 | D:4      | Found a broken altar of Ashenzari.
  1816 | D:4      | 1816 ||| RETREEEEATING.
  1833 | D:4      | HP: 5/30 [gnoll/+0 flail[a gnoll bouda] (8)]
  1833 | D:4      | Slain by a gnoll bouda

Levels and vault maps discovered:
D:1:      eino_arrival_druids_welcome, layout_rooms, serial_shops,
          nicolae_book_shop_shelving, grunt_decor_one_mirror, minmay_tromino_i4
D:2:      layout_rooms, shapermc_ecumenical_altar_hornbeckon, nicolae_the_louvre
D:3:      cheibrodos_thug_alley, layout_basic,
          chequers_temple_overflow_statue_of_worship
D:4:      layout_basic, nemelex_xobeh_ov_fountains_minmay,
          lightli_temple_of_fire, lemuel_coloured_pillars_altar,
          mainiacjoe_overflow_concentric_impassable, uniq_robin

Skill      XL: |  1  2  3  4  5  6 |
---------------+-------------------+-----
Ranged Weapons | 5 6 |  6.4
Armour         | 1 |  1.1
Fighting       | 3 4 |  4.0
Dodging        | 2 |  2.3
Stealth        | |  1.1

Action                     |  1- 3 |  4- 6 || total
---------------------------+-------+-------++-------
   Fire: Shortbow          |   105 |   169 ||   274
    Use: Scroll            |     1 |     4 ||     5
         Potion            |       |     3 ||     3
 Armour: Leather armour    |    15 |     9 ||    24
         Ring mail         |     8 |    55 ||    63
         Skin              |     1 |       ||     1
  Dodge: Dodged            |    26 |    56 ||    82

Table legend:
 A = Non-vault XP
 B = Vault XP
 C = Vault XP percentage of total XP
 D = Non-vault monster count
 E = Vault monster count
 F = Vault count percentage of total count
                 A         B        C        D         E       F
            +---------+---------+-------+---------+---------+-------
      Total |     353 |     114 |  24.4 |      65 |      12 |  15.6
            +---------+---------+-------+---------+---------+-------
        D:1 |      39 |       5 |  11.4 |      26 |       3 |  10.3
        D:2 |     127 |       0 |   0.0 |      22 |       0 |   0.0
        D:3 |      71 |     109 |  60.6 |      12 |       9 |  42.9
        D:4 |     116 |       0 |   0.0 |       5 |       0 |   0.0
            +---------+---------+-------+---------+---------+-------
